Unix NetHack Version 5.0.0-0 post-release - last build May 31 2026 23:59:36 (970b52f25bf058293b47ddfd14a1e40e571c508c,branch:main).

Game began 2026-05-30 23:45:00, ended 2026-06-01 01:22:58.

DosFlores, lawful female dwarven Valkyrie

                     ----
    ---            ---..--        ---               -----      ----
   --.--        ----.....|       --.---            --.|.--     |..|
   |...---..-----.|......---------....--------------.....|     |..|
   |....................................%%.^.............|     |..|
   |-..----........--....----------..------------------.--     |..|
   |...|     -^...---.....|   -----.-|                ---      --.|
   |...-     |..--|.......|  --.--...|                          |.|
   ---..     ------.......-- |.......-----                      |.|
     |..      ---..........| --...-....|.--                     |.|--
     |....    |............-----..........--------------      ---.|.---
     --.).    |.........>.*......h.G...:dd.....).......----   |.......|
      |-....  ---........---...     ...e@d....--------^...----|.......|
      |.....     -........|<...      ---.d.....---   ----.....|.....----------
      ----...    |.............        --........|      -----................|
         --.`    ---...........         |.....h..--         ------.-------..`|
          |......---...........         --.--.....|              ---   |...---
          |...................           ---|..)..-----                |..--
          --.....--.....--.|^.              ---.|.....|                ----
           --.|.----.|.-------                ----.|.--
            -----  -----                         -----
DosFlores the Fighter       St:16 Dx:14 Co:19 In:10 Wi:12 Ch:8  Lawful
Dlvl:3  $:1511 HP:0(69) Pw:9(9) AC:-1 Xp:6 T:5429  Burdened

Latest messages:
 The jackal bites!
 The jackal misses!
 The jackal bites!
 The jackal bites!
 The jackal misses!
 The jackal bites!
 The iguana bites!
 The jackal bites!
 The jackal misses!
 The jackal bites!
 The jackal misses!
 The iguana bites!
 The jackal bites!
 The jackal bites!
 The jackal misses!
 The jackal bites!
 The jackal bites!
 The jackal misses!
 The jackal bites!
 The jackal misses!
 The iguana bites!
 The jackal misses!
 The jackal misses!
 The jackal bites!
 The jackal bites!
 The iguana bites!
 The jackal bites!
 The jackal bites!
 The jackal bites!
 The jackal bites!
 The iguana bites!
 The jackal misses!
 The jackal bites!
 The jackal bites!
 The jackal bites!
 The iguana just misses!
 The jackal bites!
 The jackal bites!
 The jackal bites!
 The jackal misses!
 The jackal bites!
 The jackal just misses!
 The jackal bites!
 The jackal bites!
 You die...
 Do you want your possessions identified? [ynq] (y) y
 Do you want to see your attributes? [ynq] (y) y
 Do you want an account of creatures vanquished? [ynaq] (y) y
 Do you want to see your conduct and achievements? [ynq] (y) y
 Do you want to see the dungeon overview? [ynq] (y) y

Inventory:
 Coins    ('$')
  $ - 1511 gold pieces
 Amulets  ('"')
  s - an uncursed amulet versus poison (being worn)
 Weapons  (')')
  y - 9 +0 darts
  P - 4 blessed poisoned +1 darts
  b - a +0 dagger
  H - 15 +0 daggers (at the ready)
  a - a +1 dwarvish spear (alternate weapon; not wielded)
  v - a +2 long sword (weapon in right hand)
 Armor    ('[')
  j - an uncursed +1 dwarvish iron helm (being worn)
  l - an uncursed fireproof +0 pair of elven boots (being worn)
  c - an uncursed +3 small shield (being worn)
  f - an uncursed +0 elven cloak (being worn)
  h - an uncursed +1 oilskin cloak
  i - an uncursed +0 Hawaiian shirt with a hula dancer motif (being worn)
  m - an uncursed +0 leather armor (being worn)
 Comestibles  ('%')
  k - 2 uncursed carrots
  o - 3 uncursed food rations
  q - an uncursed lembas wafer
  u - an uncursed tripe ration
  E - 2 uncursed lichen corpses
 Scrolls  ('?')
  J - an uncursed scroll of identify
  w - 4 uncursed scrolls of magic mapping
  t - a blessed scroll of remove curse
  p - 3 uncursed scrolls of remove curse
  I - 2 uncursed scrolls of teleportation
 Potions  ('!')
  z - an uncursed potion of extra healing
  C - 10 uncursed potions of healing
  L - an uncursed potion of water
 Rings    ('=')
  M - an uncursed ring of free action
 Wands    ('/')
  S - a wand of magic missile (0:4)
  V - a wand of make invisible (0:7)
  g - a wand of polymorph (0:6)
  d - a wand of undead turning (0:3)
 Tools    ('(')
  n - an uncursed brass lantern (lit)
  A - an uncursed credit card
  R - 5 uncursed tallow candles
  r - an uncursed tin opener
  D - a cursed tin whistle
  T - an uncursed towel
 Gems/Stones  ('*')
  Q - 2 uncursed opals
  B - an uncursed worthless piece of blue glass
  O - an uncursed worthless piece of orange glass
  F - an uncursed worthless piece of red glass
  N - an uncursed worthless piece of violet glass
  G - an uncursed worthless piece of white glass
  K - an uncursed worthless piece of yellowish brown glass

DosFlores the Valkyrie's attributes:

Background:
 You were a Fighter, a level 6 dwarven Valkyrie.
 You were lawful, on a mission for Tyr
 who was opposed by Odin (neutral) and Loki (chaotic).
 You were right-handed.
 You were in the Gnomish Mines, on level 3.
 You entered the dungeon 5429 turns ago.
 It was nighttime.
 There was a full moon in effect when your adventure ended.
 You had 567 experience points, 73 more were needed to attain level 7.

Basics:
 You had 0 out of 69 hit points.
 You had all 9 energy points (spell power).
 Your armor class was -1.
 Your wallet contained 1511 zorkmids.
 Autopickup was off.

Final Characteristics:
 Your strength was 16 (limit:18/100).
 Your dexterity was 14 (limit:20).
 Your constitution was 19 (limit:20).
 Your intelligence was 10 (limit:16).
 Your wisdom was 12 (limit:16).
 Your charisma was 8 (limit:16).

Final Status:
 You weren't hungry.
 You were burdened; movement was slightly slowed.
 You were wielding a long sword.
 You had basic skill with long sword and could have enhanced that.

Final Attributes:
 You were piously aligned.
 You were cold resistant.
 You were poison resistant.
 You were telepathic.
 You had infravision.
 You were stealthy.
 You were warded.
 You were lucky.
 You are dead.

Miscellaneous:
 You encountered 1 bones level.
 Total elapsed playing time was 1 hour, 25 minutes and 4 seconds.

Major events:
 Turn
    1: DosFlores the lawful dwarven Valkyrie entered the dungeon
  483: entered the Gnomish Mines
  787: attained the rank of Skirmisher (level 3)
 2843: reached Mine Town
 3331: attained the rank of Fighter (level 6)
 5429: killed by a jackal, while frozen by a floating eye's gaze

You didn't know any spells.

Skills:
 Fighting Skills
   bare handed combat [Unskilled]
   two weapon combat  [Unskilled]
   riding             [Unskilled]
 Weapon Skills
   dagger             [Basic]
   axe                [Unskilled]
   pick-axe           [Unskilled]
   short sword        [Unskilled]
   broadsword         [Unskilled]
   long sword         [Basic]
   two-handed sword   [Unskilled]
   saber              [Unskilled]
   hammer             [Unskilled]
   quarterstaff       [Unskilled]
   polearms           [Unskilled]
   spear              [Basic]
   trident            [Unskilled]
   lance              [Unskilled]
   sling              [Unskilled]
 Spellcasting Skills
   attack spells      [Unskilled]
   escape spells      [Unskilled]

Voluntary challenges:
 Character rerolling was not enabled.
 You never genocided any monsters.
 You never polymorphed an object.
 You never changed form.
 You used no wishes.
Achievements:
 You entered the Gnomish Mines.
 You entered a shop.
 You attained the rank of Skirmisher.
 You entered Minetown.
 You entered a temple.
 You attained the rank of Fighter.

 The Dungeons of Doom: levels 1 to 5
    Level 1:
       Some fountains.
    Level 2:
       An armor shop, a sink.
       Stairs down to The Gnomish Mines.
    Level 3:
       A weapon shop.
    Level 4: "[vault][vaut]"
       A general store, a fountain.
    Level 5:
       A general store, some graves.
       Final resting place for
          ARFwashere-Tou-Hum-Mal-Neu, killed by a giant bat,
          Perugi-Rog-Hum-Mal-Cha, killed by a werejackal.
 The Gnomish Mines: levels 3 to 5
    Level 3: <- You were here.
       Final resting place for
          you, killed by a jackal, while frozen by a floating eye's gaze.
    Level 4:
    Level 5:
       Many shops, a temple and an altar to Tyr, some fountains.


Vanquished creatures:
  a ghost
  a small mimic
  2 rock piercers
  2 shriekers
  a violet fungus
  a kobold mummy
  a gray ooze
  2 giant ants
  3 little dogs
  4 floating eyes
  2 homunculi
  a kobold leader
  3 hill orcs
  7 rothes
  3 giant bats
  a monkey
  3 dwarf zombies
  2 iguanas
  a coyote
  a hobgoblin
  4 giant rats
  2 cave spiders
  a brown mold
  2 yellow molds
  a red mold
  a gnome
  6 garter snakes
  4 geckos
  2 jackals
  2 foxes
  2 kobolds
  a goblin
 10 sewer rats
 10 grid bugs
 13 lichens
  2 kobold zombies
  6 newts
111 creatures vanquished.

No species were genocided or became extinct.

Game over:
                       ----------
                      /          \
                     /    REST    \
                    /      IN      \
                   /     PEACE      \
                  /                  \
                  |    DosFlores     |
                  |     1511 Au      |
                  |   killed by a    |
                  |      jackal      |
                  |                  |
                  |                  |
                  |       2026       |
                 *|     *  *  *      | *
        _________)/\\_//(\/(/\)/\//\/|_)_______

Farvel DosFlores the Valkyrie...

You died in The Gnomish Mines on dungeon level 3 with 3878 points,
and 1511 pieces of gold, after 5429 moves.
You were level 6 with a maximum of 69 hit points when you died.

